 Dungeon Crawl Stone Soup version 0.24-a0-10-gb84795d (webtiles) character file.

Game seed: 6096661796659448009

73 Lanoc the Skirmisher (level 4, -1/38 HPs)
             Began as a Demonspawn Wanderer on Jan 31, 2019.
             Slain by Terence
             ... wielding a +0 flail
              (4 damage)
             ... on level 2 of the Dungeon.
             The game lasted 00:02:04 (826 turns).

Lanoc the Skirmisher (Demonspawn Wanderer)           Turns: 826, Time: 00:02:05

Health: -1/38      AC: 10    Str: 14    XL:     4   Next: 8%
Magic:  4/4        EV:  9    Int: 16    God:
Gold:   72         SH:  0    Dex: 14    Spells: 3/3 levels left

rFire    + . .     SeeInvis .   d - +0 hand axe
rCold    + + .     Gourm    .   (no shield)
rNeg     . . .     Faith    .   a - +2 scale mail
rPois    .         Spirit   .   (no helmet)
rElec    .         Reflect  .   o - scarf {rC+ rF+}
rCorr    .         Harm     .   (no gloves)
MR       .....                  (no boots)
Stlth    +.........             (no amulet)
HPRegen  0.12/turn              (no ring)
MPRegen  0.09/turn              (no ring)

@: brilliant
A: thin metallic scales 1, cold resistance 1, nightstalker 1
a: no special abilities


You were on level 2 of the Dungeon.
You were not hungry.

You visited 1 branch of the dungeon, and saw 2 of its levels.

You collected 72 gold pieces.

Inventory:

Hand Weapons
 b - a +0 shortbow
 d - a +0 hand axe (weapon)
Missiles
 c - 23 arrows
Armour
 a - a +2 scale mail (worn)
 o - a scarf of resistance (worn)
Scrolls
 e - a scroll of teleportation {unknown}
 h - 2 scrolls of fear {unknown}
 i - 2 scrolls of identify {unknown}
 m - a scroll of remove curse {unknown}
Potions
 j - 2 potions of degeneration {unknown}
 k - a potion of brilliance
 l - 2 potions of flight {unknown}
 n - a potion of heal wounds {unknown}
Comestibles
 f - 6 rations


   Skills:
 + Level 4.4 Fighting
 * Level 2.6 Axes
 + Level 2.4 Armour
 + Level 1.3 Dodging
 - Level 1.0 Stealth
   Level 1.0 Evocations


You had 3 spell levels left.
You didn't know any spells.
Your spell library was empty.

Dungeon Overview and Level Annotations

Branches:
Dungeon (2/15)

Altars:

Annotations:
D:2 Terence


Innate Abilities, Weirdness & Mutations

You are partially covered in thin metallic scales. (AC +2)
Your flesh is cold resistant. (rC+)
You are slightly more attuned to the shadows.


Message History

The puff of flame hits you but does no damage.
You hit Terence.
Terence is almost dead.
Terence hits you with a +0 flail.
You hit Terence but do no damage.
Terence is almost dead.
Terence misses you.
You hit Terence.
Terence is almost dead.
Terence hits you with a +0 flail.
* * * LOW HITPOINT WARNING * * *
You hit Terence but do no damage.
Terence is almost dead.
Terence zaps a wand.
You resist. The puff of flame hits you.
* * * LOW HITPOINT WARNING * * *
The now-empty wand crumbles to dust.
It was a potion of brilliance.
You feel clever all of a sudden. Terence hits you with a +0 flail.
You die...

......'.......†.........
#######...#.####.######.
#####.# #..# #.# ##.#
#.# #.## ... #..####.##
.... ##........
.....###........
.....@@.#.......
.....)#.#..##...
......#.##.# ..
......... .# .
...#........
...#...%..... ##
#......#.


You could see Terence.

Vanquished Creatures
  A gnoll (D:1)
  An ooze (D:1)
  2 worms (D:2)
  A dart slug (D:1)
  3 leopard geckos (D:1)
  5 bats
  3 giant cockroaches
  2 goblins
  7 hobgoblins (D:1)
  7 jackals
  5 kobolds (D:1)
  3 frilled lizards
  5 rats (D:1)
45 creatures vanquished.

Notes
Turn   | Place    | Note
-------+----------+-------------------------------------------
     0 | D:1      | Lanoc the Demonspawn Wanderer began the quest for the Orb.
     0 | D:1      | Lanoc set off with the following items: a +2 scale mail, a
                  | +0 shortbow, 23 arrows, a +0 hand axe, a ration
     0 | D:1      | Reached XP level 1. HP: 19/19 MP: 1/1
    37 | D:1      | Gained mutation: You are partially covered in thin metallic
                  | scales. (AC +2) [demonic ancestry]
    37 | D:1      | Reached XP level 2. HP: 21/25 MP: 2/2
   148 | D:1      | Reached skill level 1 in Dodging
   196 | D:1      | Gained mutation: You are slightly more attuned to the
                  | shadows. [demonic ancestry]
   196 | D:1      | Reached XP level 3. HP: 23/30 MP: 3/3
   772 | D:2      | Gained mutation: Your flesh is cold resistant. (rC+)
                  | [demonic ancestry]
   772 | D:2      | Reached XP level 4. HP: 38/38 MP: 4/4
   791 | D:2      | Noticed Terence
   826 | D:2      | Slain by Terence

Vault maps used:
D:1:      saegor_arrival_simple_c
D:2:      first_ration, mrwooster_statue_mirror, uniq_terence, uniq_natasha

Skill      XL: |  1  2 |
---------------+-------+-----
Armour         | 2 |  2.4
Axes           | 2 |  2.6
Dodging        | 1 |  1.3
Fighting       | |  4.4
Stealth        | |  1.0
Evocations     | |  1.0

Action                   |  1- 3 |  4- 6 || total
-------------------------+-------+-------++-------
Melee: Hand axe          |   108 |    34 ||   142
  Use: Potion            |       |     1 ||     1
Armor: Scale mail        |    82 |    11 ||    93
Dodge: Dodged            |    79 |    15 ||    94

Table legend:
 A = Non-vault XP
 B = Vault XP
 C = Vault XP percentage of total XP
 D = Non-vault monster count
 E = Vault monster count
 F = Vault count percentage of total count
                 A         B        C        D         E       F
            +---------+---------+-------+---------+---------+-------
      Total |     105 |       0 |   0.0 |      45 |       0 |   0.0
            +---------+---------+-------+---------+---------+-------
        D:1 |      81 |       0 |   0.0 |      35 |       0 |   0.0
        D:2 |      24 |       0 |   0.0 |      10 |       0 |   0.0
            +---------+---------+-------+---------+---------+-------
